 Dungeon Crawl Stone Soup version 0.23.2-1-ga50397a6bc (webtiles) character file.

Game seed: 627882629169108051

142 Ethylacetat the Poker (level 5, 0/41 HPs)
             Began as a Demonspawn Gladiator on Apr 17, 2019.
             Slain by Eustachio
             ... wielding a +0 rapier
              (8 damage)
             ... on level 4 of the Dungeon.
             The game lasted 00:07:47 (3093 turns).

Ethylacetat the Poker (Demonspawn Gladiator)        Turns: 3093, Time: 00:07:48

Health: 0/41       AC:  5    Str: 15      XL:     5   Next: 4%
Magic:  5/5        EV: 13    Int:  9      God:
Gold:   160        SH:  0    Dex: 13 (15) Spells: 4/4 levels left

rFire    . . .     SeeInvis +   a - +0 trident
rCold    . . .     Gourm    +   (no shield)
rNeg     + . .     Faith    .   b - +0 leather armour
rPois    .         Spirit   .   y - +1 helmet
rElec    .         Reflect  .   (no cloak)
rCorr    .         Harm     .   (no gloves)
MR       .....                  (no boots)
Stlth    +.........             k - amulet of the gourmand
HPRegen  0.13/turn              l - ring of positive energy
MPRegen  0.09/turn              x - ring of see invisible

@: no status effects
A: rot immunity, sturdy frame 1
a: no special abilities


You were on level 4 of the Dungeon.
You were very full.

You visited 1 branch of the dungeon, and saw 4 of its levels.

You collected 160 gold pieces.

Inventory:

Hand Weapons
 a - a +0 trident (weapon)
Missiles
 d - 3 throwing nets (quivered)
Armour
 b - a +0 leather armour (worn)
 c - a +0 helmet
 y - a +1 helmet (worn)
Jewellery
 k - an amulet of the gourmand (around neck)
 l - a ring of positive energy (left hand)
 m - an uncursed amulet of magic regeneration
 x - a ring of see invisible (right hand)
Wands
 p - a wand of paralysis (9)
Scrolls
 e - a scroll of enchant weapon {unknown}
 g - a scroll of magic mapping {unknown}
 h - 2 scrolls of blinking {unknown}
 i - 3 scrolls of remove curse {unknown}
 j - a scroll of fog {unknown}
 q - a scroll of enchant armour {unknown}
 t - 2 scrolls of teleportation {unknown}
 u - a scroll of amnesia {unknown}
 w - 4 scrolls of identify {unknown}
Potions
 n - a potion of brilliance {unknown}
 o - a potion of agility {unknown}
 r - a potion of berserk rage {unknown}
 s - a potion of resistance {unknown}
 v - a potion of mutation {unknown}
 A - a potion of magic {unknown}
 B - a potion of lignification {unknown}
Comestibles
 f - 5 rations


   Skills:
 + Level 3.3 Fighting
 * Level 4.5 Polearms
 - Level 1.7 Throwing
 - Level 2.6 Dodging


You had 4 spell levels left.
You didn't know any spells.
Your spell library contained the following spells:

 Spells                   Type           Power        Failure   Level  Hunger
 Sublimation of Blood     Necr           #.........   54%         2    ###....
 Ignite Poison            Fire/Tmut/Pois #.......     77%         3    ####...
 Petrify                  Tmut/Erth      #.......     99%         4    #####..
 Alistair's Intoxication  Tmut/Pois      #.......     100%        5    ######.
 Irradiate                Conj/Tmut      #.........   100%        5    ######.


Dungeon Overview and Level Annotations

Branches:
Dungeon (4/15)
 Temple: D:4-7

Altars:
Kikubaaqudgha
Uskayaw
Yredelemnul

Annotations:
D:3 2 transporters, Menkaure
D:4 Eustachio


Innate Abilities, Weirdness & Mutations

You are immune to rotting.
Your movements are slightly less encumbered by armour. (ER -2)


Message History

You hit Eustachio.
Eustachio is almost dead.
Eustachio hits you but does no damage.
You barely miss Eustachio.
Eustachio is almost dead.
Eustachio casts a spell.
Eustachio blinks!
The shadow imp gestures at you.
You are unaffected.
Eustachio gestures wildly while chanting.
You hit Eustachio but do no damage.
Eustachio is almost dead.
Eustachio hits you with a +0 rapier.
* * * LOW HITPOINT WARNING * * *
The crimson imp blinks! x2
You closely miss Eustachio.
Eustachio is almost dead.
The shadow imp disappears in a puff of smoke!
Eustachio hits you with a +0 rapier!
You die...

.##....##..# #.##
.##....###.# #..#
........##.####.##
........##..# #5.#
........###.####.#
........# #..# #.#
........# ##.###§#
........####..##§#
............#.##@#
............#.##@#
............#..#5#
............##.#.#
)...........# ...#
............# #5.#
............. .>#
.............###.#
.###.#######


You could see Eustachio, a crimson imp and an ufetubus.

Vanquished Creatures
  A hound zombie (D:4)
  Robin (D:3)
  4 adders
  A worm (D:2)
  2 dart slugs (D:1)
  A leopard gecko (D:2)
  6 bats
  2 giant cockroaches (D:1)
  15 goblins
  8 hobgoblins
  5 jackals
  7 kobolds
  3 quokkas
  A ball python (D:1)
  5 frilled lizards
  7 rats
69 creatures vanquished.

Notes
Turn   | Place    | Note
-------+----------+-------------------------------------------
     0 | D:1      | Ethylacetat the Demonspawn Gladiator began the quest for
                  | the Orb.
     0 | D:1      | Reached XP level 1. HP: 16/16 MP: 1/1
   117 | D:1      | Reached skill level 3 in Polearms
   127 | D:1      | Gained mutation: Your movements are slightly less
                  | encumbered by armour. (ER -2) [demonic ancestry]
   127 | D:1      | Reached XP level 2. HP: 22/22 MP: 2/2
   727 | D:2      | Reached XP level 3. HP: 28/28 MP: 3/3
  1504 | D:2      | Found a faded altar of an unknown god.
  1782 | D:3      | Reached skill level 4 in Polearms
  1782 | D:3      | Reached XP level 4. HP: 5/34 MP: 4/4
  2081 | D:3      | Found a hide-covered altar of Uskayaw.
  2366 | D:3      | Noticed Robin
  2425 | D:3      | Killed Robin
  2505 | D:3      | Found a transporter.
  2524 | D:3      | Found an ancient bone altar of Kikubaaqudgha.
  2528 | D:3      | Noticed Menkaure
  2535 | D:3      | Found a basalt altar of Yredelemnul.
  2538 | D:3      | Found a transporter.
  2992 | D:4      | Noticed Eustachio
  3002 | D:4      | Gained mutation: You are immune to rotting. [demonic
                  | ancestry]
  3002 | D:4      | Reached XP level 5. HP: 41/41 MP: 5/5
  3093 | D:4      | Slain by Eustachio

Skill      XL: |  1  2  3  4 |
---------------+-------------+-----
Polearms       | 3 4 |  4.5
Fighting       | 3 |  3.3
Throwing       | |  1.7
Dodging        | |  2.6

Action                   |  1- 3 |  4- 6 || total
-------------------------+-------+-------++-------
Melee: Trident           |   160 |   126 ||   286
 Stab: Sleeping          |     1 |       ||     1
  Eat: Chunk             |    13 |     4 ||    17
Armor: Leather armour    |    35 |    51 ||    86
Dodge: Dodged            |    88 |   110 ||   198
